 Dungeon Crawl Stone Soup version 0.14.1-26-g5a19342 (webtiles) character file.

396995 Konstantin the Slayer (level 23, -4/224 HPs)
             Began as a Ghoul Monk on July 3, 2014.
             Was the Champion of Cheibriados.
             Slain by an iron troll (6 damage)
             ... while paralysed by a giant eyeball
             ... on Level 2 of the Depths on July 9, 2014.
             The game lasted 22:39:53 (69301 turns).

Konstantin the Slayer (Ghoul Monk)                 Turns: 69301, Time: 22:39:54

HP  -4/224       AC 17     Str 44      XL: 23   Next: 21%
MP   0/37        EV  2     Int 20      God: Cheibriados [******]
Gold 367         SH  0     Dex 31      Spells:  0 memorised, 22 levels left

rFire  + . .     SeeInvis +       - Unarmed
rCold  + . .     Clarity  .     J - +4 ring mail of the Pits of Slime {Str+2 Dex+1}
rNeg   + + +     Conserve .     (no shield)
rPois  +         rCorr    .     H - +2 helmet {SInv}
rElec  .         rRot     +     O - +1 cloak {+Inv}
SustAb . .       Spirit   +     (no gloves)
rMut   .         Warding  .     M - +2 pair of boots of the Assassin {Stlth++}
Saprov + + +     Stasis   .     w - amulet of guardian spirit
MR     +....                    C - ring "Penkesk" {rF+ Str+2 Dam-2 Stlth++}
                                L - ring "Shuskuan" {Regen Str+2 Dex+2}

@: paralysed, rotting, very slow, somewhat resistant to hostile enchantments,
extremely stealthy
A: rotting body, claws 1, carnivore 3, cold resistance 1, life protection 3,
poison resistance, saprovore 3, slow healing 1, torment resistance, unbreathing
a: Bend Time, Temporal Distortion, Slouch, Step From Time, Renounce Religion,
Evoke Invisibility
}: 2/15 runes: barnacled, gossamer


You were on level 2 of the Depths.
You worshipped Cheibriados.
Cheibriados was exalted by your worship.
You were not hungry.

You visited 11 branches of the dungeon, and saw 49 of its levels.
You visited 4 bazaars.
You also visited: Sewer, Ice Cave, Volcano and Wizlab.

You collected 5520 gold pieces.
You spent 4850 gold pieces at shops.

Inventory:

Hand weapons
 a - a +9,+7 sling of flame
 E - a +2,+5 sling of velocity
Missiles
 b - 729 stones (quivered)
 e - 10 sling bullets of frost
 f - 7 exploding sling bullets
 D - 20 sling bullets
 N - 16 steel sling bullets
 R - 26 sling bullets of flame
Armour
 o - a +1 robe of resistance
 x - a +5 mottled dragon armour
 z - the +1 leather armour of Yblal {rF++ MR++ SInv}
   (You found it on level 5 of the Shoals)

   It greatly protects you from fire.
   It affects your resistance to hostile enchantments.
   It enhances your eyesight.
 H - a +2 helmet of see invisible (worn)
 J - the +4 ring mail of the Pits of Slime (worn) {Str+2 Dex+1}
   (You found it on level 3 of the Vaults)

   It affects your strength (+2).
   It affects your dexterity (+1).
 M - the cursed +2 pair of boots of the Assassin (worn) {Stlth++}
   (You found it on level 9 of the Dungeon)

   It makes you much more stealthy.
   It has a curse placed upon it.
 O - a +1 cloak of darkness (worn)
 Z - a +2 ring mail of cold resistance
Magical devices
 n - a wand of digging (14)
 X - a wand of invisibility (1)
Comestibles
 l - 3 chunks of centaur flesh
 q - 3 pieces of ambrosia
 t - 5 chunks of stone giant flesh
 A - 8 rotting chunks of fire dragon flesh
 F - 8 rotting chunks of ice dragon flesh
 G - 8 chunks of yaktaur flesh
 K - 11 chunks of yaktaur flesh
 Q - a sausage
Scrolls
 i - 11 scrolls of remove curse
 j - 5 scrolls of fear
 p - a scroll of identify
 r - a scroll of magic mapping
 v - 4 scrolls of blinking
 y - 9 scrolls of teleportation
 I - a scroll of immolation
Jewellery
 d - the ring of Propriety {+Fly rElec SInv}
   (You bought it in a shop in a bazaar)

   [ring of see invisible]

   It insulates you from electricity.
   It lets you fly.
 h - an uncursed ring of flight
 k - an uncursed amulet of conservation
 m - the ring of Uchar {Ice Str+5 Dex+4}
   (You found it on level 2 of the Shoals)

   [ring of ice]

   It affects your strength (+5).
   It affects your dexterity (+4).
 w - an amulet of guardian spirit (around neck)
 C - the ring "Penkesk" (right claw) {rF+ Str+2 Dam-2 Stlth++}
   (You bought it in a shop on level 2 of the Shoals)

   [ring of protection from fire]

   It affects your strength (+2).
   It affects your damage with ranged weapons and melee attacks (-2).
   It makes you much more stealthy.
 L - the ring "Shuskuan" (left claw) {Regen Str+2 Dex+2}
   (You found it on level 1 of the Lair of Beasts)

   [ring of regeneration]

   It affects your strength (+2).
   It affects your dexterity (+2).
 P - an uncursed ring of protection from fire
 S - the amulet "Lini" {Clar Int+2 Acc+3}
   (You bought it in a shop in a bazaar)

   [amulet of clarity]

   It affects your intelligence (+2).
   It affects your accuracy with ranged weapons and melee attacks (+3).
 T - an uncursed ring of protection from cold
 U - an uncursed ring of protection from magic
 V - an uncursed amulet of stasis
Potions
 g - 22 potions of curing
 s - a potion of restore abilities
 u - 2 potions of resistance
 B - 2 potions of agility
 W - 3 potions of heal wounds
Miscellaneous
 c - the horn of Geryon (inert)


   Skills:
 * Level 22.5 Fighting
 + Level 14.5 Slings
 + Level 14.6 Dodging
 - Level 2.1 Stealth
 * Level 22.3 Unarmed Combat
 + Level 16.1 Invocations


You had 22 spell levels left.
You didn't know any spells.

Dungeon Overview and Level Annotations

Branches:
Dungeon (15/15)            Temple (1/1) D:6             Orc (4/4) D:10
    Elf (2/3) Orc:4          Lair (8/8) D:8          Shoals (5/5) Lair:3
 Spider (5/5) Lair:3        Slime (0/6) Lair:7       Vaults (4/5) D:14
  Blade (0/1) Vaults:3      Crypt (2/5) Vaults:3       Hell (1/1)
    Dis (0/7) Hell            Geh (0/7) Hell            Coc (0/7) Hell
    Tar (0/7) Hell         Depths (2/5) D:15
   Tomb: Crypt:2-3

Altars:
Ashenzari
Cheibriados
Dithmenos
Elyvilon
Fedhas
Kikubaaqudgha
Makhleb
Nemelex Xobeh
Okawaru
Sif Muna
Trog
Vehumet
Xom
Yredelemnul
Zin
The Shining One
Beogh
Jiyva

Shops:
Orc:1 (   Orc:2 =   Orc:3 }   Orc:4 *!}!   Shoals:2 =   Depths:1 *!

Portals:
Hell: Depths:1 Depths:2
Abyss: Depths:1

Annotations:
Elf:2 Norris
Vaults:4 Mennas
Crypt:2 Margery


Innate Abilities, Weirdness & Mutations

Your body is rotting away.
You have sharp fingernails.
You are carnivorous and can eat meat at any time.
Your flesh is cold resistant.
You are immune to negative energy.
Your system is resistant to poisons.
You thrive on rotten meat.
You heal slowly when monsters are visible.
You are immune to unholy pain and torment.
You can survive without breathing.


Message History

You hit the iron troll but do no damage.
The iron troll is moderately wounded.
The giant eyeball stares at you.
You suddenly lose the ability to move!
The hill giant hits you with a giant spiked club!
The iron troll barely misses you. The iron troll claws you!
* * * LOW HITPOINT WARNING * * *
The iron troll claws you!
* * * LOW HITPOINT WARNING * * *
The iron troll bites you!
* * * LOW HITPOINT WARNING * * *
The iron troll claws you.
* * * LOW HITPOINT WARNING * * *
The iron troll claws you but does no damage.
The hill giant completely misses you. The iron troll bites you!
* * * LOW HITPOINT WARNING * * *
The iron troll claws you!
* * * LOW HITPOINT WARNING * * *
The iron troll claws you.
You die...

#.#################)''## #.#
##.....## #.# #######.......#
#.# ####.....#.......# ## #.#
#........'.......# .# #.#
#........'.......# .# #.#
#........#.......# .#####.#
#........#.......# ....<..#
#..C@)...#.......#
.#####.######..T))...#.....(.#
.....%%)....#........#.......#
.#######.####........#.....))#
.# #.# #........#.....).# .#
#.# ###'''####.......# .# #.#
#........#.......# .# #.#
#....G...#.......# ## #.#
#.........#.......#


You could see an iron troll (bleeding), a hill giant and a giant eyeball.

Vanquished Creatures
  Geryon (Hell)
  Jory (Vaults:4)
  Nikola (Shoals:2)
  A tentacled monstrosity (Depths:2)
  A lich (Vaults:1)
  A kraken (Shoals:2)
  4 sphinxes
  Rupert (D:14)
  Agnes (Vaults:3)
  A large abomination (Vaults:1)
  A tengu reaver (Vaults:2)
  A revenant (Hell)
  3 fire giants
  Ilsuiw (Shoals:5)
  Donald (Shoals:1)
  2 iron dragons (Hell)
  4 ghost moths (Spider:5)
  3 frost giants
  7 vault wardens
  6 emperor scorpions
  Aizul (Spider:3)
  Louise (Spider:4)
  A deep elf sorcerer (Elf:1)
  A cacodemon (Hell)
  Jorgrun (Vaults:4)
  12 stone giants
  4 reapers (Hell)
  A spriggan defender (Depths:2)
  2 salamander firebrands (Hell)
  3 rakshasas
  A small abomination (Vaults:2)
  A curse skull (Crypt:1)
  2 dire elephants
  4 ettins
  An eidolon (Crypt:1)
  4 merfolk javelineers (Shoals:5)
  Snorg (Lair:5)
  A crystal guardian (Vaults:3)
  3 minotaurs
  7 fire dragons
  5 sirens
  3 jiangshi (Crypt:2)
  Josephine (D:11)
  6 merfolk impalers
  A blizzard demon (Hell)
  7 vault guards
  7 ironheart preservers
  6 yaktaur captains
  Fannar (Lair:5)
  3 great orbs of eyes
  Harold (D:14)
  5 ice dragons
  11 dancing weapons (WizLab)
  6 statues (WizLab)
  A ravenous feature mimic (Bazaar)
  9 hydras
  Nessos (D:14)
  Erica (Lair:2)
  An alligator snapping turtle (Shoals:4)
  13 ogre magi
  A satyr (Shoals:3)
  7 merfolk aquamancers
  7 deep troll earth magi
  A deep dwarf death knight (Vaults:3)
  3 deep troll shamans
  3 tengu warriors
  2 soul eaters
  10 death yaks
  7 orc high priests (Orc:4)
  4 hell hogs (Hell)
  2 spriggan berserkers (Depths:2)
  Urug (D:11)
  6 very ugly things
  4 sun demons
  An iron golem (Hell)
  9 deep elf knights
  9 centaur warriors
  Erolcha (D:10)
  4 iron trolls
  4 skeletal warriors (D:12)
  2 fire crabs
  3 ice devils (Hell)
  A shadow wraith (Vaults:1)
  A wizard (D:14)
  25 slime creatures
  12 hell knights
  10 hell beasts
  14 sea snakes
  An anaconda zombie (Hell)
  A giant orange brain (Vaults:4)
  23 deep trolls
  24 orb spiders
  12 water nymphs
  14 hill giants
  7 deep elf summoners
  2 flayed ghosts
  3 ice statues
  2 unseen horrors (Vaults:1)
  9 ironbrand convokers
  19 harpies
  A hellion (Depths:1)
  2 deep elf conjurers
  8 orc knights
  2 flaming corpses (Crypt:1)
  Joseph (D:7)
  3 lindwurms
  16 griffons
  A salamander (D:15)
  3 orc sorcerers
  4 red wasps
  3 necromancers
  19 fauns
  A shadow dragon skeleton (Crypt:1)
  2 moths of wrath
  33 wolf spiders
  A stone giant zombie (Vaults:2)
  A sphinx skeleton (Crypt:1)
  12 cyclopes
  12 mermaids
  4 black mambas
  5 phantasmal warriors
  4 elephants (Lair:8)
  19 manticores
  A stone giant skeleton (Crypt:1)
  A guardian serpent (shapeshifter) (Elf:1)
  Maurice (D:9)
  2 dire elephant zombies (Crypt:1)
  A titan simulacrum (Crypt:1)
  A smoke demon (Hell)
  A drowned soul (Shoals:5)
  2 spiny frogs (shapeshifter)
  10 vault sentinels
  9 spiny frogs
  A queen ant (Spider:1)
  7 orange demons
  3 gargoyles
  A feature mimic (D:15)
  A storm dragon simulacrum (Depths:1)
  Psyche (D:8)
  2 molten gargoyles (Elf:1)
  An emperor scorpion zombie (Depths:1)
  39 yaktaurs
  A centaur zombie (D:10)
  4 kobold demonologists
  8 demonic crawlers
  10 trolls
  A yaktaur skeleton (Vaults:2)
  A fire drake (Lair:4)
  A fire drake (shapeshifter) (Vaults:2)
  A blue devil (Hell)
  5 deep elf priests
  2 tengu conjurers
  13 freezing wraiths
  A komodo dragon (shapeshifter) (Vaults:1)
  An iron troll skeleton (Crypt:1)
  10 komodo dragons
  A minotaur zombie (Crypt:1)
  3 boggarts
  4 red devils
  27 jumping spiders
  A wind drake (Shoals:2)
  3 giant leeches (Lair:8)
  7 iron devils
  30 merfolk
  24 two-headed ogres
  2 polar bears (Lair:8)
  2 hydra zombies
  A shadow dragon simulacrum (Crypt:1)
  A wolf spider simulacrum (Crypt:1)
  2 ravens (shapeshifter)
  2 polar bears (shapeshifter)
  7 ravens
  3 boulder beetles
  4 giant fireflies (Lair:8)
  A trapdoor spider zombie (Crypt:1)
  An alligator zombie (Hell)
  3 basilisks
  26 blink frogs
  4 shadows
  A raiju (shapeshifter) (Vaults:1)
  5 vampires
  An alligator skeleton (Hell)
  9 flying skulls (Crypt:1)
  9 wyverns
  23 trapdoor spiders
  38 redbacks
  27 tarantellas
  A redback (shapeshifter) (Depths:1)
  4 wraiths (Crypt:1)
  2 ettin skeletons
  An ice dragon skeleton (Crypt:1)
  6 elephant slugs
  15 snapping turtles
  46 ugly things
  15 deep elf magi
  21 sharks
  A queen ant zombie (Crypt:1)
  3 toenail golems (Volcano)
  A fire dragon skeleton (Crypt:1)
  61 yaks
  13 hippogriffs
  6 fire elementals
  7 humans
  17 water elementals
  2 hogs (D:9)
  3 hungry ghosts
  Grum (D:11)
  4 hill giant zombies
  15 deep elf fighters
  11 vampire mosquitoes
  A chaos spawn (D:12)
  A steam dragon (shapeshifter) (Vaults:2)
  15 wargs
  6 porcupines
  A soldier ant (shapeshifter) (D:15)
  3 death yak simulacra (IceCv)
  2 hill giant skeletons
  16 wolves
  2 necrophages
  A hydra simulacrum (Hell)
  A water nymph zombie (Crypt:2)
  The ghost of HunterOfWisdom the Ruinous, an average OpWz (D:3)
  16 soldier ants (Spider:1)
  2 spiny frog zombies (Hell)
  12 water moccasins
  2 human simulacra (Vaults:1)
  A spiny frog skeleton (Hell)
  6 hell hounds (Depths:1)
  16 centaurs
  19 spiders
  6 black bears (D:9)
  6 sky beasts
  39 ogres
  3 phantoms
  20 crocodiles
  An ettin simulacrum (Vaults:2)
  25 orc warriors
  A fire drake zombie (Crypt:1)
  8 giant goldfish
  11 ice beasts
  4 big kobolds
  4 gnoll sergeants (D:9)
  15 giant slugs
  Blork the orc (D:5)
  A boring beetle (Lair:7)
  5 brain worms (Lair:8)
  A cyclops zombie (D:12)
  6 scorpions
  A warg zombie (Orc:4)
  15 giant frogs
  2 eyes of draining
  A wyvern skeleton (D:9)
  A scorpion (shapeshifter) (Vaults:3)
  5 wights
  9 crimson imps
  3 quasits
  A troll skeleton (D:11)
  A wolf zombie (Crypt:1)
  A giant frog zombie (D:9)
  6 goliath beetles
  12 killer bees
  A wolf skeleton (Crypt:1)
  3 draconian simulacra (IceCv)
  16 electric eels
  15 big fish
  60 orc priests
  2 lava snakes (Elf:1)
  3 jellies
  3 gnoll shamans
  13 hounds
  6 iron imps
  A polar bear simulacrum (IceCv)
  10 iguanas
  36 orc wizards
  A shapeshifter simulacrum (D:14)
  34 worker ants
  2 giant frog skeletons
  4 troll simulacra
  A spriggan simulacrum (IceCv)
  An orange rat (Elf:2)
  21 sheep
  A mottled dragon zombie (D:11)
  4 centaur simulacra (IceCv)
  A sky beast zombie (D:6)
  A felid skeleton (Crypt:1)
  An ogre skeleton (D:4)
  A hound zombie (D:5)
  2 mummies
  A hound skeleton (D:7)
  2 worker ant zombies
  16 gnolls
  A scorpion zombie (D:8)
  26 adders
  20 green rats
  An orc zombie (Orc:4)
  An inept feature mimic (D:9)
  3 ogre simulacra (IceCv)
  2 shadow imps
  6 naga simulacra (IceCv)
  15 white imps
  6 giant mites
  21 worms
  An adder zombie (D:7)
  A sheep zombie (Crypt:1)
  2 iguana skeletons
  5 giant eyeballs
  12 giant geckos
  6 oozes
  215 orcs
  30 bats
  A bat skeleton (D:7)
  10 giant cockroaches
  28 goblins
  23 hobgoblins
  39 jackals
  8 quokkas
  3 ball pythons
  A giant cockroach zombie (D:5)
  7 giant newts
  2 hobgoblin skeletons
  29 kobolds
  A kobold skeleton (D:5)
  A kobold zombie (D:7)
  5 orc skeletons
  A quokka skeleton (D:5)
  23 rats
  A crawling corpse (Vaults:2)
  6 fungi
  14 plants
  5 tentacles (Shoals:2)
2467 creatures vanquished.

Vanquished Creatures (collateral kills)
  A siren (Shoals:2)
  A water nymph (Shoals:3)
  A wizard (D:14)
  2 manticores
  A faun (Shoals:2)
  A troll (D:14)
  A komodo dragon (Lair:7)
  2 merfolk
  2 water elementals
  5 sharks
  A trapdoor spider (D:14)
  A wolf (Lair:8)
  A giant slug (Lair:7)
  3 plants
23 creatures vanquished.

Vanquished Creatures (others)
  A stone giant (Vaults:2)
  A merfolk impaler (Shoals:5)
  An ironheart preserver (Vaults:2)
  An orc high priest (Orc:4)
  A soul eater (Hell)
  A harpy (Shoals:4)
  A manticore (D:14)
  23 drowned souls
  A yaktaur (Vaults:2)
  A shark (Shoals:5)
  A water elemental (Shoals:5)
  2 wargs (Orc:4)
  A crocodile (D:14)
  A lost soul (Crypt:1)
  An earth elemental (Spider:4)
  3 orc priests (Orc:4)
  An adder (Lair:1)
  6 orcs
  A quokka (D:13)
  2 fungi
  11 plants
  3 tentacles (Shoals:2)
  57 tentacle segments (Shoals:2)
122 creatures vanquished.

Grand Total: 2612 creatures vanquished

Notes
Turn   | Place    | Note
--------------------------------------------------------------
     0 | D:1      | Konstantin, the Ghoul Monk, began the quest for the Orb.
     0 | D:1      | Reached XP level 1. HP: 19/19 MP: 1/1
   128 | D:1      | Reached XP level 2. HP: 26/26 MP: 2/2
   826 | D:2      | Reached XP level 3. HP: 15/33 MP: 3/3
  1937 | D:3      | Reached XP level 4. HP: 25/40 MP: 3/3
  1990 | D:3      | Reached skill level 5 in Unarmed Combat
  2177 | D:3      | Noticed HunterOfWisdom's ghost (average OpWz)
  2880 | D:3      | Killed HunterOfWisdom's ghost
  2880 | D:3      | Reached skill level 1 in Slings
  2880 | D:3      | Reached XP level 5. HP: 31/42 MP: 4/4
  3299 | D:4      | Reached skill level 5 in Fighting
  3458 | D:4      | Reached XP level 6. HP: 56/56 MP: 5/5
  3556 | D:4      | Found a radiant altar of Vehumet.
  3556 | D:4      | Found a bloodstained altar of Trog.
  3784 | D:4      | Noticed an ogre
  3792 | D:4      | Killed an ogre
  3831 | D:4      | Reached skill level 6 in Unarmed Combat
  4007 | D:5      | Entered Level 5 of the Dungeon
  4494 | D:5      | Reached XP level 7. HP: 53/62 MP: 5/5
  4822 | D:4      | Reached skill level 7 in Unarmed Combat
  4966 | D:5      | Found a shimmering altar of Xom.
  5002 | D:5      | Reached XP level 8. HP: 71/71 MP: 6/6
  5131 | D:5      | Noticed Blork the orc
  5151 | D:5      | Killed Blork the orc
  5650 | D:6      | Found a glowing drain.
  5709 | Sewer    | Entered a sewer
  6319 | Sewer    | Paralysed by a potion of paralysis for 3 turns
  6606 | D:6      | Reached skill level 8 in Unarmed Combat
  6737 | D:6      | Found a staircase to the Ecumenical Temple.
  6761 | Temple   | Entered the Ecumenical Temple
  6831 | Temple   | Became a worshipper of Cheibriados the Contemplative
  7117 | D:6      | Reached XP level 9. HP: 81/81 MP: 7/7
  7373 | D:6      | Reached skill level 5 in Dodging
  8195 | D:6      | Reached skill level 9 in Unarmed Combat
  8195 | D:6      | Reached skill level 1 in Invocations
  8481 | D:7      | Acquired Cheibriados' first power
  8787 | D:7      | Found a deep blue altar of Sif Muna.
  8914 | D:7      | Noticed Joseph
  9641 | D:8      | Reached XP level 10. HP: 47/90 MP: 7/11
  9672 | D:8      | Found a staircase to the Lair.
  9678 | D:8      | Acquired Cheibriados' second power
 10525 | D:8      | Reached skill level 5 in Slings
 10653 | Lair:1   | Entered Level 1 of the Lair of Beasts
 10661 | D:8      | Reached skill level 10 in Unarmed Combat
 10706 | Lair:1   | Reached skill level 10 in Fighting
 10972 | Lair:1   | Noticed a black mamba
 10973 | Lair:1   | Killed a black mamba
 11402 | Lair:1   | Upgraded the game from 0.14.1-24-gbdbe590 to 0.14.1-25-g305bacd
 11444 | Lair:1   | Got a warped jade ring
 11447 | Lair:1   | Identified the ring "Shuskuan" {Regen Str+2 Dex+2} (You found it on level 1 of the Lair of Beasts)
 11517 | Lair:1   | Reached XP level 11. HP: 101/101 MP: 17/17
 11657 | Lair:1   | Reached skill level 5 in Invocations
 12102 | Lair:2   | Noticed Erica
 12153 | D:9      | Noticed Psyche
 12161 | D:8      | Killed Psyche
 12161 | D:8      | Reached skill level 11 in Unarmed Combat
 12357 | D:9      | Acquired Cheibriados' third power
 12550 | D:9      | Found a glowing silver altar of Zin.
 13272 | D:9      | Noticed Maurice
 13292 | D:9      | Killed Maurice
 13482 | D:9      | Reached XP level 12. HP: 112/112 MP: 20/20
 13766 | D:9      | Reached skill level 12 in Unarmed Combat
 15113 | D:7      | Killed Joseph
 15284 | D:8      | Found a white marble altar of Elyvilon.
 15311 | D:10     | Entered Level 10 of the Dungeon
 15446 | D:10     | Noticed Erolcha
 15455 | D:10     | Killed Erolcha
 15541 | D:10     | Found a staircase to the Orcish Mines.
 16382 | Orc:1    | Entered Level 1 of the Orcish Mines
 16581 | Orc:2    | Found a roughly hewn altar of Beogh.
 16931 | Orc:2    | Found Giopsou's Jewellery Emporium.
 17023 | Orc:2    | Bought an uncursed ring of see invisible for 150 gold pieces
 17023 | Orc:2    | Bought an uncursed ring of fire for 250 gold pieces
 17107 | Orc:2    | Found an ancient bone altar of Kikubaaqudgha.
 17637 | Orc:1    | Reached skill level 13 in Unarmed Combat
 17736 | Orc:1    | Found Caim Deph's Weapon Shoppe.
 18362 | Orc:3    | Found Mnegasas' Gadget Boutique.
 18778 | Orc:3    | Reached XP level 13. HP: 122/122 MP: 22/22
 19299 | Lair:2   | Killed Erica
 20520 | Lair:3   | Found a dark tunnel.
 20526 | Volcano  | Entered a volcano
 20692 | Volcano  | Identified the Collected Works on Stones and Transmutation
 20912 | Lair:3   | Found a hole to the Spider Nest.
 21303 | Lair:3   | Found a staircase to the Shoals.
 21912 | Lair:4   | Reached skill level 14 in Fighting
 22402 | Lair:4   | Reached XP level 14. HP: 125/132 MP: 24/24
 23078 | Lair:5   | Noticed Fannar
 23095 | Lair:5   | Killed Fannar
 23156 | Lair:5   | Noticed Snorg
 23165 | Lair:5   | Killed Snorg
 24491 | Lair:7   | Found a viscous altar of Jiyva.
 24491 | Lair:7   | Found a staircase to the Slime Pits.
 25253 | Lair:7   | Paralysed by a potion of paralysis for 6 turns
 25523 | Lair:8   | Entered Level 8 of the Lair of Beasts
 25701 | Lair:8   | Reached skill level 15 in Fighting
 25935 | Lair:8   | Found a frozen archway.
 25980 | IceCv    | Entered an ice cave
 26042 | IceCv    | Reached skill level 15 in Unarmed Combat
 26306 | IceCv    | Found an ancient bone altar of Kikubaaqudgha.
 26843 | Lair:8   | Reached XP level 15. HP: 124/141 MP: 21/27
 28582 | Orc:4    | Entered Level 4 of the Orcish Mines
 28687 | Orc:4    | Found a staircase to the Elven Halls.
 28751 | Orc:4    | Found a roughly hewn altar of Beogh.
 29050 | Orc:4    | Paralysed by an orc sorcerer for 7 turns
 29281 | Orc:4    | Found a roughly hewn altar of Beogh.
 29314 | Orc:4    | Found Kluel's Distillery.
 29364 | Orc:4    | Bought a potion of curing for 26 gold pieces
 29364 | Orc:4    | Bought a potion of heal wounds for 39 gold pieces
 29364 | Orc:4    | Bought a potion of invisibility for 71 gold pieces
 29364 | Orc:4    | Bought a potion of agility for 32 gold pieces
 29364 | Orc:4    | Bought a potion of heal wounds for 39 gold pieces
 29364 | Orc:4    | Bought a potion of curing for 26 gold pieces
 29376 | Orc:4    | Found Syviteg's General Store.
 29428 | Orc:4    | Bought a scroll of identify for 28 gold pieces
 29542 | Orc:4    | Reached skill level 10 in Dodging
 29545 | Orc:4    | Found Laluev's Gadget Shop.
 29545 | Orc:4    | Found Arosupro's Distillery.
 29555 | Orc:4    | Reached skill level 10 in Invocations
 29674 | Orc:4    | Bought a potion of curing for 28 gold pieces
 29674 | Orc:4    | Bought a potion of heal wounds for 42 gold pieces
 29674 | Orc:4    | Bought 2 potions of curing for 56 gold pieces
 29674 | Orc:4    | Bought a potion of curing for 28 gold pieces
 29674 | Orc:4    | Bought a potion of curing for 28 gold pieces
 29674 | Orc:4    | Bought a potion of might for 35 gold pieces
 29674 | Orc:4    | Bought a potion of heal wounds for 42 gold pieces
 29674 | Orc:4    | Bought a potion of curing for 28 gold pieces
 29674 | Orc:4    | Bought a potion of curing for 28 gold pieces
 30145 | D:11     | Noticed Urug
 30164 | D:11     | Killed Urug
 30165 | D:11     | Reached skill level 16 in Fighting
 30479 | D:11     | Noticed Grum
 30491 | D:11     | Killed Grum
 31013 | D:11     | Noticed Josephine
 31026 | D:11     | Killed Josephine
 31026 | D:11     | Reached skill level 10 in Slings
 32607 | D:13     | Found a white marble altar of Elyvilon.
 32676 | D:13     | Paralysed by a giant eyeball for 4 turns
 32683 | D:13     | Paralysed by a giant eyeball for 4 turns
 33219 | D:14     | Reached XP level 16. HP: 152/152 MP: 28/28
 33260 | D:14     | Found a gate to the Vaults.
 33289 | D:14     | Noticed Harold
 33301 | D:14     | Killed Harold
 33391 | D:14     | Noticed Nessos
 33396 | D:14     | Killed Nessos
 33557 | D:14     | Noticed Rupert
 33941 | Spider:1 | Entered Level 1 of the Spider Nest
 34343 | Spider:1 | Upgraded the game from 0.14.1-25-g305bacd to 0.14.1-26-g5a19342
 35256 | Spider:2 | Reached skill level 17 in Fighting
 36142 | Spider:3 | Noticed Aizul
 36155 | Spider:3 | Killed Aizul
 36729 | Spider:4 | Noticed Louise
 36737 | Spider:4 | Killed Louise
 37128 | Spider:4 | Reached XP level 17. HP: 135/162 MP: 29/29
 37538 | Spider:5 | Entered Level 5 of the Spider Nest
 38235 | Spider:5 | Reached skill level 18 in Fighting
 38369 | Spider:5 | Got a gossamer rune of Zot
 39877 | D:14     | Killed Rupert
 40277 | D:15     | Entered Level 15 of the Dungeon
 40647 | D:15     | Found a staircase to the Depths.
 41763 | Shoals:1 | Entered Level 1 of the Shoals
 41824 | Shoals:1 | Reached XP level 18. HP: 173/173 MP: 31/31
 42546 | Shoals:1 | Noticed Donald
 42564 | Shoals:1 | Killed Donald
 43392 | Shoals:2 | Got a warped granite ring
 43395 | Shoals:2 | Identified the ring of Uchar {Ice Str+5 Dex+4} (You found it on level 2 of the Shoals)
 43409 | Shoals:2 | Found Icotaing's Jewellery Shoppe.
 43438 | Shoals:2 | Bought the ring "Penkesk" {rF+ Str+2 Dam-2 Stlth++} for 417 gold pieces
 43555 | Shoals:2 | Noticed Nikola
 43927 | Elf:1    | Entered Level 1 of the Elven Halls
 44520 | Elf:1    | Identified Woisiure's Handbook of Excruciating Fire
 45384 | Elf:2    | Reached skill level 19 in Fighting
 45443 | Elf:2    | Noticed Norris
 45472 | Elf:2    | Found a flickering gateway to a bazaar.
 45478 | Bazaar   | Entered a bazaar
 45537 | Bazaar   | Found Xoihic's Food Boutique.
 45551 | Bazaar   | Found Magawia's Antique Armour Shop.
 45560 | Bazaar   | Bought an embroidered robe for 15 gold pieces
 45584 | Bazaar   | Found Cleqed's Food Boutique.
 45598 | Bazaar   | Found Uca Thoa's Armour Shop.
 45612 | Bazaar   | Found Surapt's Food Boutique.
 45675 | Bazaar   | Bought a meat ration for 35 gold pieces
 45675 | Bazaar   | Bought a meat ration for 35 gold pieces
 45675 | Bazaar   | Bought a meat ration for 35 gold pieces
 45690 | Bazaar   | Bought a +1 helmet of see invisible for 148 gold pieces
 45709 | Bazaar   | Bought a meat ration for 45 gold pieces
 45709 | Bazaar   | Bought a beef jerky for 13 gold pieces
 45709 | Bazaar   | Bought a meat ration for 45 gold pieces
 45738 | Bazaar   | Bought a meat ration for 45 gold pieces
 45738 | Bazaar   | Bought a cheese for 10 gold pieces
 45738 | Bazaar   | Bought a meat ration for 45 gold pieces
 46165 | Vaults:1 | Entered Level 1 of the Vaults
 46350 | Vaults:1 | Found a magical portal.
 46372 | WizLab   | Entered a wizard's laboratory
 46650 | WizLab   | Got a faintly glowing helmet
 46654 | WizLab   | Identified the +0 helmet of the Shoals {Stlth++} (You found it in a wizard's laboratory)
 46833 | Vaults:1 | Identified the Handbook of Summoning
 46931 | Vaults:1 | Reached XP level 19. HP: 168/182 MP: 30/32
 47196 | Vaults:1 | Found a flickering gateway to a bazaar.
 47201 | Bazaar   | Entered a bazaar
 47206 | Bazaar   | Found Mniantegh's Book Boutique.
 47224 | Bazaar   | Found Yleabli's Food Emporium.
 47229 | Bazaar   | Bought a sausage for 7 gold pieces
 47229 | Bazaar   | Bought a meat ration for 30 gold pieces
 47242 | Bazaar   | Found Shraupt's Book Boutique.
 47259 | Bazaar   | Found Lizeleu's Antique Armour Shoppe.
 47264 | Bazaar   | Bought a dazzling leather armour for 259 gold pieces
 47275 | Bazaar   | Identified the cursed -1 leather armour of the Okapi {Int+3} (You bought it in a shop in a bazaar)
 50577 | Vaults:2 | Reached skill level 20 in Fighting
 51771 | Vaults:3 | Noticed Agnes
 51777 | Vaults:3 | Killed Agnes
 51835 | Vaults:3 | Reached XP level 20. HP: 166/193 MP: 30/33
 52088 | Vaults:3 | Found a staircase to the Hall of Blades.
 52342 | Vaults:3 | Found a staircase to the Crypt.
 52954 | Vaults:3 | Got a polished ring mail
 52963 | Vaults:3 | Identified the +4 ring mail of the Pits of Slime {Str+2 Dex+1} (You found it on level 3 of the Vaults)
 53906 | Shoals:2 | Killed Nikola
 54879 | Shoals:3 | Found a gateway to a bazaar.
 54898 | Bazaar   | Entered a bazaar
 54920 | Bazaar   | Found Pimech's Jewellery Shop.
 54929 | Bazaar   | Bought an uncursed ring of protection from magic for 225 gold pieces
 54929 | Bazaar   | Bought an uncursed ring of flight for 157 gold pieces
 54929 | Bazaar   | Bought the amulet "Lini" {Clar Int+2 Acc+3} for 337 gold pieces
 54947 | Bazaar   | Found Metricac's Book Shop.
 56461 | Shoals:4 | Reached skill level 21 in Fighting
 56979 | Shoals:4 | Reached XP level 21. HP: 186/204 MP: 34/34
 57302 | Shoals:5 | Entered Level 5 of the Shoals
 57849 | Shoals:5 | Noticed Ilsuiw
 57855 | Shoals:5 | Your ally Kaisehua died
 57876 | Shoals:5 | Killed Ilsuiw
 58351 | Shoals:5 | Got a barnacled rune of Zot
 58517 | Shoals:5 | Got a pitted leather armour
 58528 | Shoals:5 | Identified the +1 leather armour of Yblal {rF++ MR++ SInv} (You found it on level 5 of the Shoals)
 59738 | Vaults:4 | Noticed Jorgrun
 59749 | Vaults:4 | Killed Jorgrun
 59837 | Vaults:4 | Noticed Jory
 59847 | Vaults:4 | Killed Jory
 60082 | Vaults:4 | Noticed Mennas
 60341 | Depths:1 | Entered Level 1 of the Depths
 60385 | D:15     | Reached skill level 15 in Invocations
 60490 | Depths:1 | Found Strakloawn's Distillery.
 60491 | Depths:1 | Found a flickering gateway to a bazaar.
 60524 | Bazaar   | Entered a bazaar
 60524 | Bazaar   | Found Vonate's Jewellery Shoppe.
 60524 | Bazaar   | Found Veered's Armour Emporium.
 60526 | Bazaar   | Found Womani's Jewellery Shoppe.
 60541 | Bazaar   | Found Plul's Jewellery Emporium.
 60566 | Bazaar   | Bought the ring of Propriety {+Fly rElec SInv} for 404 gold pieces
 60566 | Bazaar   | Bought an uncursed ring of protection from fire for 325 gold pieces
 60571 | Bazaar   | Bought an uncursed ring of protection from cold for 250 gold pieces
 60571 | Bazaar   | Bought an uncursed amulet of stasis for 175 gold pieces
 60571 | Bazaar   | Bought an uncursed amulet of warding for 150 gold pieces
 60589 | Bazaar   | Bought an uncursed amulet of guardian spirit for 360 gold pieces
 60692 | Depths:1 | Bought a potion of resistance for 112 gold pieces
 61499 | Depths:1 | Found Byney's Assorted Antiques.
 61547 | Depths:1 | Bought a scroll of enchant armour for 195 gold pieces
 61704 | Depths:1 | Found a gateway to Hell.
 61821 | Depths:1 | Reached XP level 22. HP: 197/214 MP: 2/35
 61994 | Depths:1 | Found a one-way gate to the infinite horrors of the Abyss.
 63488 | Hell     | Entered the Vestibule of Hell
 63499 | Hell     | Noticed Geryon
 63649 | Hell     | Killed Geryon
 63804 | Hell     | Found a gateway to the decaying netherworld of Tartarus.
 64124 | Hell     | Reached skill level 22 in Fighting
 64253 | Hell     | Found a gateway to the freezing wastes of Cocytus.
 64794 | Hell     | Found a gateway to the Iron City of Dis.
 65185 | Hell     | Found a gateway to the ashen valley of Gehenna.
 66449 | Crypt:1  | Entered Level 1 of the Crypt
 67480 | Crypt:2  | Noticed Margery
 68896 | Depths:2 | Reached XP level 23. HP: 224/224 MP: 36/36
 69298 | Depths:2 | Paralysed by a giant eyeball for 4 turns
 69301 | Depths:2 | HP: 2/224 [iron troll (12)]
 69301 | Depths:2 | Slain by an iron troll

Action                   |  1- 3 |  4- 6 |  7- 9 | 10-12 | 13-15 | 16-18 | 19-21 | 22-24 || total
-------------------------+-------+-------+-------+-------+-------+-------+-------+-------++-------
Melee: Unarmed           |   136 |   120 |   338 |   675 |   948 |   842 |  1131 |   532 ||  4722
       Sling             |       |     1 |       |       |     2 |       |     4 |       ||     7
 Fire: Sling             |     6 |    50 |   224 |   458 |  1093 |   783 |   761 |   470 ||  3845
Throw: Stone             |     1 |       |     2 |    23 |    20 |    20 |    23 |    12 ||   101
Invok: Bend Time         |       |       |     5 |    12 |    28 |    19 |    21 |     7 ||    92
       Temporal Distorti |       |       |     2 |    12 |     7 |     9 |    11 |     6 ||    47
       Slouch            |       |       |       |     4 |     3 |    21 |     1 |     1 ||    30
 Abil: Evoke Flight      |       |       |       |       |       |       |     5 |    10 ||    15
Evoke: Wand              |       |     2 |     6 |     4 |    32 |    31 |    90 |       ||   165
       Deck              |       |       |       |       |    10 |       |    11 |       ||    21
       Fan of gales      |       |       |       |       |     1 |       |       |       ||     1
       Stone of tremors  |       |       |       |       |       |     1 |       |       ||     1
       Horn of Geryon    |       |       |       |       |       |       |       |     1 ||     1
  Use: Scroll            |     3 |     5 |     7 |     5 |    22 |    19 |    12 |     3 ||    76
       Potion            |     2 |     3 |     4 |       |    12 |    14 |     8 |     3 ||    46
 Stab: Distracted        |     1 |       |       |       |       |     3 |     6 |     1 ||    11
       Sleeping          |     1 |     1 |     1 |     7 |    16 |    20 |    21 |     3 ||    70
       Invisible         |       |       |       |       |     5 |     7 |    14 |       ||    26
       Paralysed         |       |       |       |       |       |       |     6 |       ||     6
